 Dungeon Crawl Stone Soup version 0.28-a0-511-gcc94558de3 (webtiles) character file.

Game seed: 6767031105103735295

2786 heikuro the Spear-Bearer (level 9, 0/81 HPs)
             Began as a Minotaur Berserker on Sept 22, 2021.
             Was an Elder of Trog.
             Slain by a yak (8 damage)
             ... on level 7 of the Dungeon.
             The game lasted 00:14:48 (7860 turns).

heikuro the Spear-Bearer (Minotaur Berserker)       Turns: 7860, Time: 00:14:49

Health: 0/81       AC: 15    Str: 25    XL:     9   Next: 43%
Magic:  8/8        EV: 10    Int:  4    God:    Trog [****..]
Gold:   375        SH:  0    Dex: 10    Spells: 8/8 levels left

rFire   . . .      SeeInvis +   J - +9 scythe of Uteimiung {drain, *Slow rC+ rCorr SInv}
rCold   + . .      Faith    .   (shield currently unavailable)
rNeg    . . .      Spirit   .   E - +2 chain mail {rPois}
rPois   +          Reflect  .   (helmet restricted)
rElec   .          Harm     .   F - +0 cloak
rCorr   +          Rampage  .   (no gloves)
Will    ++...                   n - +0 pair of boots
Stlth   ..........              (no amulet)
HPRegen 1.23/turn               (no ring)
MPRegen 0.11/turn               (no ring)

@: strong-willed, regenerating
A: horns 2, retaliatory headbutt
a: Renounce Religion, Berserk, Trog's Hand, Brothers in Arms


You were on level 7 of the Dungeon.
You worshipped Trog.
Trog was greatly pleased with you.
You visited 2 branches of the dungeon, and saw 9 of its levels.

You collected 375 gold pieces.

Inventory:

Hand Weapons
 a - a +0 halberd
 q - a +0 war axe
 J - the +9 scythe of Uteimiung (weapon) {drain, *Slow rC+ rCorr SInv}
   (You found it on level 6 of the Dungeon)

   A truly terrible weapon, it drains the life of any living foe it strikes.
   rC:        It protects you from cold.
   SInv:      It lets you see invisible.
   rCorr:     It protects you from acid and corrosion.
   *Slow:     It may slow you when you take damage.
Missiles
 p - 10 poisoned darts (quivered)
Armour
 l - a +2 scale mail of fire resistance
 n - a +0 pair of boots (worn)
 t - a +0 kite shield
 E - a +2 chain mail of poison resistance (worn)
 F - a +0 cloak (worn)
Jewellery
 r - a ring of ice
Wands
 d - a wand of iceblast (11)
 v - a wand of charming (9)
 x - a wand of flame (27)
 G - a wand of digging (1)
Scrolls
 b - 2 scrolls of acquirement {unknown}
 f - a scroll of enchant weapon {unknown}
 g - 3 scrolls of noise {unknown}
 h - a scroll of summoning {unknown}
 i - a scroll of torment {unknown}
 j - a scroll of brand weapon {unknown}
 k - 3 scrolls of teleportation {unknown}
 o - 3 scrolls of fog {unknown}
 s - a scroll of fear {unknown}
 y - 4 scrolls of amnesia {unknown}
 A - a scroll of magic mapping {unknown}
 I - a scroll of identify
Potions
 c - 4 potions of curing
 e - a potion of lignification
 m - 2 potions of ambrosia {unknown}
 u - 2 potions of mutation {unknown}
 w - a potion of cancellation {unknown}
 z - a potion of haste {unknown}
 B - a potion of magic {unknown}
 C - 2 potions of flight
 D - a potion of attraction {unknown}
 H - 2 potions of brilliance {unknown}


   Skills:
 + Level 7.9 Fighting
 - Level 6.5(8.4) Axes
 * Level 8.0(9.1) Polearms
 + Level 7.3 Armour
 + Level 6.7 Dodging


You had 8 spell levels left.
You didn't know any spells.
Your spell library was empty.

Dungeon Overview and Level Annotations

Branches:
Dungeon (8/15)             Temple (1/1) D:7
   Lair: D:8-11

Altars:
Ashenzari
Elyvilon
Fedhas
Gozag
Kikubaaqudgha
Makhleb
Nemelex Xobeh
Okawaru
Qazlal
Ru
Sif Muna
Trog
Uskayaw
Xom
Yredelemnul
The Shining One

Shops:
D:3 [((==   D:5 ?

Portals:
Abyss: D:7

Annotations:
D:7 2 transporters, willcat's ghost, novice OpDe


Innate Abilities, Weirdness & Mutations

You have a pair of horns on your head.
You reflexively headbutt those who attack you in melee.


Message History

The yak is moderately wounded.
The yak barely misses you. You furiously retaliate!
You headbutt the yak. The orc warrior closely misses you. The yak gores you.
The yak gores you but does no damage. The yak gores you.
The orc warrior hits you from afar with a +0 glaive.
Unknown command.
The yak closely misses you. The yak completely misses you.
The yak gores you but does no damage.
The orc warrior hits you but does no damage.
You climb upwards.
Level annotation: 2 transporters, willcat's ghost, novice OpDe
There is a stone staircase leading down here.
You hit the yak. You headbutt the yak!
The yak is severely wounded.
The yak gores you but does no damage. The yak gores you!
The yak barely misses you. The yak gores you!
You slice the yak!!
You kill the yak!
Trog accepts your kill.
You recover from your berserk rage.
The yak closely misses you. The yak gores you. The yak closely misses you.
You furiously retaliate!
You headbutt the yak!
Your base Polearms skill increases to level 8!
You hit the yak. Your headbutt misses the yak.
The yak is lightly wounded.
The yak gores you but does no damage. x2; The yak closely misses you.
You furiously retaliate!
You headbutt the yak, but do no damage. You barely miss the yak.
You headbutt the yak!
The yak is moderately wounded.
The yak closely misses you. The yak misses you. The yak gores you!
* * * LOW HITPOINT WARNING * * *
You closely miss the yak.
The yak is moderately wounded.
The yak gores you but does no damage. The yak barely misses you.
You furiously retaliate!
You headbutt the yak! The yak gores you!
* * * LOW HITPOINT WARNING * * *
Your skin crawls.
You feel strong-willed. The yak gores you but does no damage.
The yak gores you!
You die...

#.##########.##
#####..# #..
#.# #..#
#######.######
##.# ##.#
#.......)..#
#..# #.#
#.####..##.#
#.## #.# #.#
#.###.# #.# #.#
#.# #.# #.# #.#
#.# #.# #.# #.#
#.# #Y# #.# #.#
#.# #.# #@# #.#
#.# #.# #.# #Y#
#.# #.# #.# #.#
#.# #.# #.# #.#
#.# #.# #.# #.#
#.### #.#
##.###.#
#.###.... #.#
#.#....#
#..###### #.#
##.##### ##.#
#.# ### #..#
#.# #.##


You could see 2 yaks.

Vanquished Creatures
  Sigmund (D:2)
  2 yaks (D:7)
  Menkaure (D:5)
  Duvessa (D:6)
  An orc warrior (D:7)
  A necrophage (D:4)
  2 centaurs
  3 phantoms
  Blork the orc (D:4)
  A kobold brigand (D:6)
  4 scorpions
  Dowan (D:6)
  2 howler monkeys (D:7)
  A bullfrog skeleton (D:5)
  A gnoll shaman (D:7)
  3 hounds
  Crazy Yiuf (D:6)
  7 orc priests
  3 iron imps (D:3)
  A scorpion zombie (D:5)
  4 iguanas
  Terence (D:2)
  2 orc wizards
  A hound skeleton (D:4)
  A howler monkey zombie (D:6)
  Robin (D:1)
  15 gnolls
  2 howler monkey skeletons
  6 adders
  A shadow imp (D:5)
  A white imp (D:7)
  An ufetubus (D:5)
  An adder skeleton (D:4)
  2 worms
  3 dart slugs
  17 orcs
  8 endoplasms
  6 giant cockroaches
  18 goblins
  8 hobgoblins
  13 kobolds
  4 quokkas
  7 ball pythons
  4 bats (D:1)
  7 rats
172 creatures vanquished.

Notes
Turn   | Place    | Note
-------+----------+-------------------------------------------
     0 | D:1      | heikuro the Minotaur Berserker began the quest for the Orb.
     0 | D:1      | Reached XP level 1. HP: 19/19 MP: 0/0
   255 | D:1      | Reached XP level 2. HP: 27/27 MP: 1/1
   850 | D:1      | Reached XP level 3. HP: 33/33 MP: 2/2
   923 | D:1      | Reached ** piety under Trog
  1120 | D:2      | Noticed Robin
  1130 | D:1      | Killed Robin
  1481 | D:2      | Reached XP level 4. HP: 36/40 MP: 3/3
  1572 | D:2      | Noticed Terence
  1574 | D:2      | Killed Terence
  1698 | D:2      | Reached skill level 5 in Axes
  1960 | D:2      | Noticed Sigmund
  1969 | D:2      | Killed Sigmund
  1970 | D:2      | Reached XP level 5. HP: 47/47 MP: 4/4
  1970 | D:2      | Reached XP level 6. HP: 55/55 MP: 5/5
  2073 | D:3      | Found Huxuedgh's Antique Weapon Shoppe.
  2278 | D:3      | Found Cepiuhya's Jewellery Shoppe.
  2432 | D:3      | Found a burning altar of Makhleb.
  2451 | D:3      | Reached skill level 5 in Fighting
  2759 | D:3      | Found Kiatier's Jewellery Shoppe.
  3122 | D:3      | Found Betola's Weapon Emporium.
  3301 | D:3      | Reached *** piety under Trog
  3352 | D:3      | Found Sofu's Antique Armour Boutique.
  3628 | D:4      | Reached skill level 1 in Polearms
  3628 | D:4      | Reached XP level 7. HP: 61/61 MP: 6/6
  3702 | D:4      | Reached skill level 2 in Polearms
  3778 | D:4      | Found an iron altar of Okawaru.
  3923 | D:4      | Found a broken altar of Ashenzari.
  4063 | D:4      | Noticed Blork the orc
  4091 | D:4      | Killed Blork the orc
  4229 | D:4      | Reached skill level 5 in Armour
  4468 | D:4      | Reached skill level 3 in Polearms
  4494 | D:5      | Entered Level 5 of the Dungeon
  4751 | D:5      | Found Woyxim's Magic Scroll Emporium.
  4767 | D:5      | Reached skill level 4 in Polearms
  4767 | D:5      | Reached skill level 5 in Dodging
  4767 | D:5      | Reached XP level 8. HP: 58/70 MP: 7/7
  5355 | D:6      | Reached skill level 5 in Polearms
  5763 | D:6      | Reached skill level 6 in Polearms
  5954 | D:6      | Noticed Duvessa
  5964 | D:6      | Killed Duvessa
  5966 | D:6      | Noticed Dowan
  6143 | D:6      | Noticed Menkaure
  6151 | D:5      | Killed Menkaure
  6151 | D:5      | Reached **** piety under Trog
  6195 | D:6      | Identified the +9 scythe of Uteimiung {drain, *Slow rC+
                  | rCorr SInv}
  6205 | D:6      | Killed Dowan
  6255 | D:6      | Found a runed translucent door.
  6256 | D:6      | Noticed Crazy Yiuf
  6431 | D:6      | Killed Crazy Yiuf
  6432 | D:6      | Reached XP level 9. HP: 79/79 MP: 8/8
  6537 | D:7      | Reached skill level 7 in Polearms
  6646 | D:7      | Found a glowing golden altar of the Shining One.
  6711 | D:7      | Found a one-way gate to the infinite horrors of the Abyss.
  6711 | D:7      | Noticed willcat's ghost (novice OpDe)
  6712 | D:7      | Found a transporter.
  6714 | D:7      | Noticed an ancient zyme
  6894 | D:7      | Found a staircase to the Ecumenical Temple.
  6926 | D:7      | Identified the +4 long sword "Kiretun" {drain, rN+}
  6944 | Temple   | Entered the Ecumenical Temple
  7213 | D:7      | Found an ancient bone altar of Kikubaaqudgha.
  7266 | D:7      | Found a transporter.
  7287 | D:7      | Found a blossoming altar of Fedhas.
  7857 | D:7      | Reached skill level 8 in Polearms
  7860 | D:7      | Slain by a yak

Illustrated notes

Levels and vault maps discovered:
D:1:      dpeg_arrival_rooms_with_view, layout_loops_corners
D:2:      layout_rooms, uniq_robin, uniq_sigmund, uniq_terence
D:3:      layout_basic, demons_altar, serial_shops, nicolae_shop_stone, shop,
          nicolae_shop_overgrown_old_shop, shop_fountains, shop,
          nrook_loot_triangle
D:4:      layout_cave_pods, cheibrodos_ashenzari_chains,
          mainiacjoe_overflow_alcove_1, skrybe_limestone_x, st_stairs_7,
          uniq_blork_the_orc
D:5:      layout_rooms, serial_shops, shop_fountains
D:6:      layout_rooms, uniq_menkaure, uniq_duvessa, uniq_crazy_yiuf_cottage
D:7:      layout_loops_ring, lemuel_doored_altar, fedhas_altar_4,
          nicolae_tso_swordbearing_angel, minmay_temple_entry_glassed_door,
          gammafunk_ghost_abyssal_escape, minmay_misc_feat_secret_circle
D:8:      layout_basic, nicolae_hepliaklqana_monster_ancestors,
          gammafunk_ghost_wrathful_warriors
Temple:   compressed_dpeg_circular_temple

Skill      XL: |  1  2  3  4  5  6  7  8  9 |
---------------+----------------------------+-----
Axes           | 4 5 6 |  6.5
Fighting       | 4 5 6 7 |  7.9
Armour         | 3 4 5 6 7 |  7.3
Dodging        | 3 4 5 6 |  6.7
Polearms       | 1 4 6 8 |  8.0

Action                   |  1- 3 |  4- 6 |  7- 9 || total
-------------------------+-------+-------+-------++-------
Melee: Hand axe          |    74 |    93 |       ||   167
       Headbutt          |     9 |    18 |    37 ||    64
       Halberd           |       |    10 |   189 ||   199
       Scythe            |       |       |    18 ||    18
Invok: Berserk           |     3 |     7 |    15 ||    25
       Trog's Hand       |       |       |     1 ||     1
  Use: Scroll            |       |       |     3 ||     3
Armor: Leather armour    |    29 |       |       ||    29
       Scale mail        |       |    29 |    58 ||    87
       Chain mail        |       |       |    35 ||    35
Dodge: Dodged            |    68 |    46 |   129 ||   243

Table legend: (Time is in decaauts)
 A = Elapsed time spent in this place.
 B = Non-inter-level travel time spent in this place.
 C = Inter-level travel time spent in this place.
 D = Time resting spent in this place.
 E = Time spent auto-exploring this place.
 F = Levels seen in this place.
 G = Mean time per level.
                   A        B        C        D        E       F      G
               +--------+--------+--------+--------+--------+-----+--------+
         Total |   8175 |   7679 |    496 |   1631 |   4447 |   9 |  908.3 |
       Dungeon |   8088 |   7601 |    487 |   1631 |   4379 |   8 | 1011.0 |
        Temple |     87 |     78 |      9 |      0 |     68 |   1 |   87.0 |
               +--------+--------+--------+--------+--------+-----+--------+

Top non-repeatable levels by time:
     D:1: 1509 daAuts
     D:3: 1427 daAuts
     D:7: 1244 daAuts
     D:4: 1119 daAuts
     D:5: 1073 daAuts
     D:6: 1036 daAuts
     D:2: 663 daAuts
  Temple: 87 daAuts
     D:8: 13 daAuts
